 Dungeon Crawl Stone Soup version 0.26-a0-67-g850bfe61e3 (webtiles) character file.

Game seed: 239804669715274600

49 mortelune the Gusty (level 3, -4/19 HPs)
             Began as a Tengu Air Elementalist on June 12, 2020.
             Slain by Natasha (10 damage)
             ... on level 2 of the Dungeon.
             The game lasted 00:04:19 (2503 turns).

mortelune the Gusty (Tengu Air Elementalist)        Turns: 2503, Time: 00:04:20

Health: -4/19      AC:  3    Str:  8    XL:     3   Next: 75%
Magic:  1/7        EV: 13    Int: 16    God:
Gold:   109        SH:  0    Dex: 14    Spells: 2/6 levels left

rFire    + . .     SeeInvis .   (no weapon)
rCold    + . .     Gourm    .   (no shield)
rNeg     . . .     Faith    .   d - +0 robe {rC+ rF+}
rPois    .         Spirit   .   (helmet restricted)
rElec    .         Reflect  .   f - +0 cloak
rCorr    .         Harm     .   (no gloves)
MR       .....                  (boots unavailable)
Stlth    ++........             (no amulet)
HPRegen  0.06/turn              (no ring)
MPRegen  0.10/turn              (no ring)

@: very slightly contaminated, slowed, very slow
A: beak, talons 3
a: no special abilities


You were on level 2 of the Dungeon.
You were not hungry.

You visited 1 branch of the dungeon, and saw 2 of its levels.

You collected 109 gold pieces.

Inventory:

Armour
 a - a +0 robe
 d - a +0 robe of resistance (worn)
 f - a +0 cloak (worn)
Jewellery
 g - an uncursed ring of protection from magic {unknown}
 l - an uncursed ring of see invisible {unknown}
Scrolls
 b - a scroll of remove curse {unknown}
Potions
 e - a potion of heal wounds
Comestibles
 c - 7 rations


   Skills:
 * Level 0.2 Fighting
 - Level 2.5 Dodging
 - Level 2.0 Stealth
 + Level 2.3 Spellcasting
 * Level 2.8 Conjurations
 * Level 4.8 Air Magic


You had 2 spell levels left.
You knew the following spells:

 Your Spells              Type           Power        Failure   Level  Hunger
a - Shock                 Conj/Air       ##..         4%          1    #......
b - Static Discharge      Conj/Air       ##......     12%         3    ###....

Your spell library contained the following spells:

 Spells                   Type           Power        Failure   Level  Hunger
 Swiftness                Chrm/Air       #.......     11%         2    ###....
 Airstrike                Air            ###.......   26%         4    #####..
 Lightning Bolt           Conj/Air       ##........   75%         5    ######.


Dungeon Overview and Level Annotations

Branches:
Dungeon (2/15)

Altars:

Annotations:
D:2 Natasha


Innate Abilities, Weirdness & Mutations

You have a beak for a mouth.
You have claws for feet.


Message History

Casting: Shock (safe; 4% risk of failure)
Confirm with . or Enter, or press ? or * to list all spells.
Aiming: Shock (safe; 4% risk of failure)
Press: ? - help, Shift-Dir - straight line The zap misses Natasha.
The zap hits Natasha.
Natasha is almost dead.
Natasha claws you.
Casting: Shock (safe; 4% risk of failure)
Confirm with . or Enter, or press ? or * to list all spells.
Aiming: Shock (safe; 4% risk of failure)
Press: ? - help, Shift-Dir - straight line You miscast Shock.
Nothing appears to happen.
Natasha claws you but does no damage.
Natasha stares at you and mumbles some strange words.
The magic dart hits you.
You closely miss Natasha. Your peck misses Natasha.
Natasha is almost dead.
Natasha claws you!
Ouch! That really hurt!
You die...

########### #.........#
#.#####.#.# #.##**#@#.####
#.##..h.#....# ########
#.##.#######.# #.......
#.##....#....# #.######
#.#**#..#[##.####.###### #.#
#[.#.##.#.......... #.#
#....##.#.##.######
#.####.#.###.#.##.#
*********#........##....##.#


You could see Natasha.

Vanquished Creatures
  3 adders (D:2)
  A worm (D:2)
  A leopard gecko (D:2)
  A giant cockroach (D:2)
  3 goblins (D:1)
  3 hobgoblins
  A bat (D:1)
  3 kobolds
  4 rats
20 creatures vanquished.

Notes
Turn   | Place    | Note
-------+----------+-------------------------------------------
     0 | D:1      | mortelune the Tengu Air Elementalist began the quest for
                  | the Orb.
     0 | D:1      | Reached XP level 1. HP: 10/10 MP: 4/4
   523 | D:1      | Reached XP level 2. HP: 15/15 MP: 3/6
  1461 | D:2      | Reached XP level 3. HP: 19/19 MP: 0/7
  1466 | D:2      | Learned a level 3 spell: Static Discharge
  2495 | D:2      | Noticed Natasha
  2503 | D:2      | Slain by Natasha

Illustrated notes

Levels and vault maps discovered:
D:1:      dpeg_arrival_shrine, layout_loops_ring
D:2:      minmay_spotlight, layout_loops_ring, first_ration, uniq_natasha

Skill      XL: |  1  2 |
---------------+-------+-----
Conjurations   | 2 |  2.8
Fighting       | |  0.2
Dodging        | |  2.5
Stealth        | |  2.0
Spellcasting   | |  2.3
Air Magic      | |  4.8

Action                   || total
-------------------------++-------
Melee: Unarmed           ||     1
 Cast: Shock             ||    59
  Use: Potion            ||     4
       Scroll            ||     5
  Eat: Chunk             ||     2
       Ration            ||     1
Armor: Robe              ||     6
Dodge: Dodged            ||     9

Table legend:
 A = Non-vault XP
 B = Vault XP
 C = Vault XP percentage of total XP
 D = Non-vault monster count
 E = Vault monster count
 F = Vault count percentage of total count
                 A         B        C        D         E       F
            +---------+---------+-------+---------+---------+-------
      Total |      51 |      19 |  27.1 |      17 |       3 |  15.0
            +---------+---------+-------+---------+---------+-------
        D:1 |      15 |       0 |   0.0 |      10 |       0 |   0.0
        D:2 |      36 |      19 |  34.5 |       7 |       3 |  30.0
            +---------+---------+-------+---------+---------+-------
